 Dungeon Crawl Stone Soup version 0.30.0-20-g3615ddf2f0 (webtiles) character file.

Game seed: 7622167885312140858

593 qw the Chopper (level 7, 0/44 HPs)
             Began as a Gargoyle Fighter on May 31, 2023.
             Was a Follower of Okawaru.
             Slain by an acid dragon (3 damage)
             ... on level 5 of the Dungeon.
             The game lasted 00:01:49 (3850 turns).

qw the Chopper (Gargoyle Fighter)                   Turns: 3850, Time: 00:01:50

Health: 0/44       AC: 11    Str: 21    XL:     7   Next: 39%
Magic:  5/7        EV:  9    Int:  9    God:    Okawaru [*.....]
Gold:   161        SH:  5    Dex:  9    Spells: 6/6 levels left

rFire   + + .        Y - +0 war axe
rCold   . . .        c - +0 buckler
rNeg    + . .        s - +0 chain mail
rPois   inf          (no helmet)
rElec   +            n - +2 cloak
rCorr   .            (no gloves)
SInv    .            (no boots)
Will    .....        (no amulet) Stlth
                     g - ring of protection from fire
HPRegen 0.27/turn    i - ring of protection from fire
MPRegen 0.10/turn

%: no passive effects
@: about to teleport, heroic, corroded
A: sickness immunity, AC +4, negative energy resistance 1, electricity
resistance, torment resistance 1, petrification resistance
a: Renounce Religion, Heroism


You were on level 5 of the Dungeon.
You worshipped Okawaru.
Okawaru was aware of your devotion.
You visited 1 branch of the dungeon, and saw 5 of its levels.

You collected 161 gold pieces.


Innate Abilities, Weirdness & Mutations

You are immune to sickness and miasma.
Your stone body is resilient. (AC +4)
You are immune to poison.
You resist negative energy. (rN+)
You are resistant to electric shocks. (rElec)
You are resistant to unholy torment.
You are immune to petrification.


   Skills:
 - Level 4.4(9.4) Fighting
 + Level 5.1(10.1) Axes
 - Level 4.0(9.0) Throwing
 - Level 3.2(8.2) Armour
 - Level 3.2(8.2) Shields
 + Level 0.6 Invocations


You had 6 spell levels left.
You didn't know any spells.
Your spell library was empty.

Inventory:

Hand Weapons
 q - a +0 flail
 Y - a +0 war axe (weapon)
Missiles
 f - 2 boomerangs (quivered)
Armour
 c - a +0 buckler (worn)
 n - a +2 cloak (worn)
 s - a +0 chain mail (worn)
Jewellery
 g - a ring of protection from fire (left hand)
 i - a ring of protection from fire (right hand)
Scrolls
 m - a scroll of teleportation
Potions
 b - 2 potions of haste
 d - 2 potions of might
 e - 2 potions of heal wounds
 h - a potion of curing {unknown}
 j - a potion of degeneration {unknown}
 k - a potion of lignification
 o - a potion of attraction {unknown}
 p - a potion of flight {unknown}

Dungeon Overview and Level Annotations

Branches:
Dungeon (5/15)
 Temple: D:4-7

Altars:
Okawaru

Shops:
D:4 (

Annotations:
D:3 2 transporters, qw's ghost, amateur GrFi


Message History

You hit the hound.
The hound is almost dead.
The hound bites you but does no damage. The hound closely misses you.
You slash the hound!
You kill the hound!
Okawaru accepts your kill.
Enter note:
Enter note:
Enter note:
Enter note:
Enter note:
Enter note: You hit the acid dragon but do no damage.
The acid dragon spits acid at you. The splash of acid hits you!
The acid corrodes you!
3845 ||| INVOKING Heroism.
You gain the combat prowess of a mighty hero.
The acid dragon bites you but does no damage.
The acid dragon barely misses you.
You closely miss the acid dragon. The acid dragon bites you.
The acid dragon claws you but does no damage.
You hit the acid dragon but do no damage.
The acid dragon spits acid at you. The splash of acid hits you!
The acid corrodes you!
A bullfrog skeleton comes into view.
You hear an angry hiss.
You barely miss the acid dragon. You block the acid dragon's attack.
The acid dragon claws you.
You slash the acid dragon!
The acid dragon is moderately wounded.
An adder comes into view.
The acid dragon bites you! The acid dragon claws you.
3850 ||| READING 2 scrolls of teleportation.
As you read the scroll of teleportation, it crumbles to dust.
You feel strangely unstable.
The adder hisses angrily.
A phantom comes into view.
The acid dragon closely misses you. The acid dragon claws you.
You die...

.............## ..
.)............# . # ............
.#.##.# .....##.... .#...S. ..
.[.......# ..Z...# ..##... ##..
#.#....W###......# ..#..#
##...##........#........ # ....#
........#.......@D...#..##.##...#
........##..##........#..........
...(.....##.##.......##..........
##.......##.###.....##..#.##.....
............###......#..#......<.
.............#........#.#..##.(#.
...###......##....##..#.....#..#.
#.......#...##..###..#......>...
##.###.##...##..#.#.............


You could see an acid dragon (catching breath), a phantom, an adder and a
bullfrog skeleton.

Vanquished Creatures
  Sigmund (D:2)
  A black bear (D:5)
  3 hounds
  An orc priest (D:4)
  An iguana (D:5)
  An orc wizard (D:4)
  4 gnolls
  3 adders (D:4)
  2 ufetubi (D:4)
  2 worms
  2 dart slugs
  6 orcs
  3 bats
  5 endoplasms
  6 giant cockroaches
  8 hobgoblins
  2 jackals (D:4)
  5 kobolds
  4 quokkas
  4 ball pythons
  14 frilled lizards
  5 goblins
  2 rats
85 creatures vanquished.

Notes
Turn   | Place    | Note
-------+----------+-------------------------------------------
     0 | D:1      | qw the Gargoyle Fighter began the quest for the Orb.
     0 | D:1      | Reached XP level 1. HP: 14/14 MP: 1/1
     0 | D:1      | 0 ||| qw: Version: 0.2-a-102-gfc559e5
     0 | D:1      | 0 ||| qw: Game counter: 616
     0 | D:1      | 0 ||| qw: Always use a shield: true
     0 | D:1      | 0 ||| qw: God list: Okawaru
     0 | D:1      | 0 ||| qw: Allow faded altars: false
     0 | D:1      | 0 ||| qw: Do Orc after D:15 true
     0 | D:1      | 0 ||| qw: Do second Lair branch before Depths: true
     0 | D:1      | 0 ||| qw: Lair rune preference: random
     0 | D:1      | 0 ||| qw: Plans: Normal, Zot:1-4, Slime:5, God:TSO, Crypt,
                  | Tomb, Pan, Hells, Abyss, Win
     0 | D:1      | 0 ||| PLANNING D:1-11
    85 | D:1      | Reached skill level 2 in Axes
   187 | D:1      | 187 ||| DROPPING +0 club.
   604 | D:1      | Reached XP level 2. HP: 19/19 MP: 2/2
   802 | D:1      | 802 ||| UPGRADING to ring of protection from fire.
   803 | D:1      | 803 ||| READING scroll labelled TAIGHUO WUANERCH.
   804 | D:1      | 804 ||| DRINKING 2 bubbling green potions.
   850 | D:2      | 850 ||| Stepping ~*~*~tactically~*~*~ (stealth).
   852 | D:2      | 852 ||| Stepping ~*~*~tactically~*~*~ (stealth).
   986 | D:2      | Found a faded altar of an unknown god.
   989 | D:2      | 989 ||| Stepping ~*~*~tactically~*~*~ (water).
  1146 | D:2      | 1146 ||| DROPPING +0 mace.
  1274 | D:2      | Reached skill level 3 in Axes
  1274 | D:2      | Reached XP level 3. HP: 18/23 MP: 3/3
  1324 | D:2      | 1324 ||| Stepping ~*~*~tactically~*~*~ (stealth).
  1326 | D:2      | 1326 ||| Stepping ~*~*~tactically~*~*~ (stealth).
  1651 | D:2      | Noticed Sigmund
  1664 | D:2      | Killed Sigmund
  1665 | D:2      | Reached XP level 4. HP: 14/28 MP: 4/4
  1665 | D:2      | Reached XP level 5. HP: 16/32 MP: 5/5
  1912 | D:2      | 1912 ||| UPGRADING to +0 cloak.
  1917 | D:2      | 1917 ||| UPGRADING to +0 chain mail.
  1927 | D:2      | 1927 ||| DROPPING +0 scale mail.
  1928 | D:2      | 1928 ||| READING scroll labelled TESTRE QENTANWY.
  1929 | D:2      | 1929 ||| READING scroll labelled ANYHEL MUYVIGH.
  1953 | D:2      | 1953 ||| READING 4 scrolls labelled ZASMADO LAIT.
  1956 | D:2      | 1956 ||| READING scroll labelled JIBBIG ESKIDYUZ.
  1957 | D:2      | 1957 ||| READING scroll labelled SOGUEL EGHUALILUI.
  2102 | D:3      | 2102 ||| Stepping ~*~*~tactically~*~*~ (hiding).
  2230 | D:3      | 2230 ||| Stepping ~*~*~tactically~*~*~ (stealth).
  2237 | D:3      | 2237 ||| Stepping ~*~*~tactically~*~*~ (stealth).
  2251 | D:3      | 2251 ||| Stepping ~*~*~tactically~*~*~ (stealth).
  2336 | D:3      | Reached XP level 6. HP: 37/37 MP: 6/6
  2355 | D:3      | HP: 1/37 [gnoll/+0 halberd (10)]
  2356 | D:3      | 2356 ||| READING 3 scrolls of teleportation.
  2357 | D:3      | 2357 ||| DRINKING 2 potions of heal wounds.
  2547 | D:3      | Found a transporter.
  2549 | D:3      | Noticed qw's ghost (amateur GrFi)
  2552 | D:3      | Found a transporter.
  2751 | D:3      | 2751 ||| Stepping ~*~*~tactically~*~*~ (stealth).
  2754 | D:3      | 2754 ||| Stepping ~*~*~tactically~*~*~ (hiding).
  2794 | D:3      | 2794 ||| READING scroll labelled QILLIVAMEU.
  2795 | D:3      | 2795 ||| DRINKING 2 murky cyan potions.
  2796 | D:3      | 2796 ||| DRINKING 2 white potions.
  2797 | D:3      | 2797 ||| DROPPING potion of magic.
  2798 | D:3      | 2798 ||| DROPPING potion of invisibility.
  2823 | D:4      | Found an iron altar of Okawaru.
  2824 | D:4      | 2824 ||| PLANNING OKAWARU WORSHIP
  2836 | D:4      | Became a worshipper of Warmaster Okawaru
  2836 | D:4      | 2836 ||| PLANNING D:1-11
  2969 | D:4      | Reached skill level 4 in Axes
  3008 | D:4      | 3008 ||| FLEEEEING.
  3010 | D:4      | 3010 ||| FLEEEEING.
  3011 | D:4      | 3011 ||| FLEEEEING.
  3012 | D:4      | 3012 ||| FLEEEEING.
  3013 | D:4      | 3013 ||| FLEEEEING.
  3163 | D:4      | 3163 ||| Stepping ~*~*~tactically~*~*~ (stealth).
  3185 | D:4      | 3185 ||| Stepping ~*~*~tactically~*~*~ (hiding).
  3281 | D:4      | Found Eligas's Antique Weapon Shoppe.
  3289 | D:4      | 3289 ||| SHOPLISTING runed demon whip (486 gold, have 132).
  3289 | D:4      | 3289 ||| SHOPLISTING runed mace (162 gold, have 132).
  3553 | D:4      | 3553 ||| UPGRADING to +2 cloak.
  3563 | D:4      | 3563 ||| DROPPING +0 cloak.
  3564 | D:4      | 3564 ||| UPGRADING to ring of protection from fire.
  3565 | D:4      | 3565 ||| READING scroll labelled JURHAXODAZ.
  3566 | D:4      | 3566 ||| DRINKING 2 fuming grey potions.
  3567 | D:4      | 3567 ||| DRINKING 2 bubbling pink potions.
  3657 | D:5      | Entered Level 5 of the Dungeon
  3687 | D:5      | Reached skill level 5 in Axes
  3687 | D:5      | Reached XP level 7. HP: 22/41 MP: 7/7
  3785 | D:5      | Reached * piety under Okawaru
  3845 | D:5      | 3845 ||| INVOKING Heroism.
  3849 | D:5      | HP: 5/44 [acid dragon (8)]
  3850 | D:5      | 3850 ||| READING 2 scrolls of teleportation.
  3850 | D:5      | Slain by an acid dragon

Levels and vault maps discovered:
D:1:      matt_arrival_diagonals, layout_loops_corners
D:2:      layout_basic, shapermc_ecumenical_altar_mp_ritualfount, uniq_sigmund
D:3:      layout_rooms, gammafunk_ghost_mausoleum, serial_bayou_ford_a,
          minmay_lizard_king
D:4:      layout_basic, nicolae_overflow_crystal_walls, serial_shops,
          nicolae_shop_tiny_statue_garden
D:5:      layout_cave_pools, mainiacjoe_overflow_small_starburst, serial_undead,
          serial_undead_d, serial_undead_b, serial_undead_f, serial_undead_b,
          serial_park_tiny_2, uniq_grinder

Skill      XL: |  1  2  3  4  5  6  7 |
---------------+----------------------+-----
Axes           | 2 3 5 |  5.1
Throwing       | 4 |  4.0
Fighting       | 4 |  4.4
Armour         | |  3.2
Shields        | |  3.2
Invocations    | |  0.6

Action                     |  1- 3 |  4- 6 |  7- 9 || total
---------------------------+-------+-------+-------++-------
  Melee: War axe           |    82 |   169 |    21 ||   272
  Throw: Javelin           |    15 |     4 |       ||    19
         Boomerang         |       |    10 |     6 ||    16
 Invoke: Heroism           |       |       |     1 ||     1
    Use: Scroll            |     1 |     8 |     1 ||    10
         Potion            |     1 |     5 |       ||     6
 Armour: Scale mail        |    45 |       |       ||    45
         Chain mail        |       |   131 |    22 ||   153
  Dodge: Dodged            |    23 |    54 |    11 ||    88
  Block: Buckler           |     9 |    31 |     7 ||    47

Table legend:
 A = Non-vault XP
 B = Vault XP
 C = Vault XP percentage of total XP
 D = Non-vault monster count
 E = Vault monster count
 F = Vault count percentage of total count
                 A         B        C        D         E       F
            +---------+---------+-------+---------+---------+-------
      Total |     598 |     250 |  29.5 |      73 |      12 |  14.1
            +---------+---------+-------+---------+---------+-------
        D:1 |      11 |       0 |   0.0 |       6 |       0 |   0.0
        D:2 |      40 |     239 |  85.7 |      22 |       1 |   4.3
        D:3 |      72 |      11 |  13.3 |      15 |      11 |  42.3
        D:4 |     225 |       0 |   0.0 |      26 |       0 |   0.0
        D:5 |     250 |       0 |   0.0 |       4 |       0 |   0.0
            +---------+---------+-------+---------+---------+-------
